[Event "Late-Titled-Tuesday-Blitz-April-23-2024"]
[Site "Chess.com"]
[Date "2024.04.23"]
[Round "4"]
[White "aranibos"]
[Black "giomar27"]
[Result "0-1"]
[WhiteElo "2257"]
[BlackElo "2495"]
[TimeControl "180+1"]
[EndTime "14:41:02 PDT"]
[Termination "giomar27 won by resignation"]

1. d4 c5 2. d5 e5 3. Nc3 d6 4. g3 f5 5. Bg2 Nf6 6. Nh3 Be7 7. f4 e4 8. Nf2 O-O 9. a4 Na6 10. O-O Nb4 11. Be3 b6 12. Qd2 Bb7 13. Rfd1 Nbxd5 14. Nxd5 Nxd5 15. g4 Nxe3 16. Qxe3 d5 17. c3 Qc7 18. gxf5 Rxf5 19. Bh3 Rf6 20. f5 Bd6 21. Ng4 Rf7 22. Rf1 Raf8 23. Rad1 Kh8 24. Kh1 Rxf5 25. Rxf5 Rxf5 26.
Qg1 d4 27. cxd4 cxd4 28. Qxd4 Rd5 29. Qg1 Bc5 30. e3 Rxd1 31. Qxd1 Qd6 32. Qf1 h5 33. Nf2 Bxe3 34. Qe2 Qh6 35. Bg2 Bxf2 36. Qxf2 Qc1+ 37.
Qf1 Qxf1+ 38. Bxf1 a5 39. Be2 g6 40. h4 Kg7 41. Kg1 Kf6 42. Kf2 Ke5 43. Ke3 Bc6 44.
b3 Bd5 45. Bd1 Be6 46. Bc2 Bf5 47. Bd1 Kd5 48. Be2 Kc5 49. Bc4 Kb4 50. Bf7 Kc3 51.
Be8 Be6 52. Bxg6 Bxb3 53. Bxh5 Bxa4 54. Bg6 Bd1 55. h5 Bxh5 56. Bxh5 a4 57. Kxe4 a3 58. Bf7 b5 59. Ke3 b4 60. Ke2 b3 61. Kd1 a2 0-1

[Event "Late-Titled-Tuesday-Blitz-April-23-2024"]
[Site "Chess.com"]
[Date "2024.04.23"]
[Round "4"]
[White "Mops_2004"]
[Black "VD_coach"]
[Result "1-0"]
[WhiteElo "2864"]
[BlackElo "2602"]
[TimeControl "180+1"]
[EndTime "14:41:03 PDT"]
[Termination "Mops_2004 won on time"]

1. g3 Nf6 2. Bg2 g6 3. d4 Bg7 4. e4 O-O 5. Nc3 d6 6. Nf3 Nc6 7. d5 Nb8 8. h3 c6 9. a4 Nbd7 10. O-O Nc5 11. Re1 e5 12. dxe6 Bxe6 13. Nd4 Re8 14. Bg5 h6 15. Bf4 Nh5 16. Be3 Qd7 17. Kh2 Rad8 18. a5 Bc4 19. f4 Nf6 20. Bf2 d5 21. b3 Nfxe4 22. Nxe4 Nxe4 23. Bg1 Ba6 24. b4 Nc3 25. Qd2 Nb5 26. c3 Nxd4 27. Bxd4 Bxd4 28. Qxd4 h5 29. Qxa7 Qf5 30. Qf2 Qd3 31. Rac1 Rxe1 32.
Qxe1 Kf8 33. Rd1 Qc2 34. Rc1 Qd3 35. Qe5 Kg8 36. Re1 d4 37. c4 Qxc4 38. Qe7 Rf8 39. f5 Qd3 40. fxg6 Qxg6 41. Re5 f6 42. Re6 d3 43.
Rd6 Qf7 44. Qe3 Re8 45. Qf4 Kg7 46. h4 Re2 47. Qf5 d2 48. Rd7 Re7 49. Rxd2 Re5 50. Qf4 Qe7 51. Bf3 1-0

[Event "Late-Titled-Tuesday-Blitz-April-23-2024"]
[Site "Chess.com"]
[Date "2024.04.23"]
[Round "4"]
[White "bascheyaro"]
[Black "Alexei_Gubajdullin"]
[Result "1-0"]
[WhiteElo "2809"]
[BlackElo "2589"]
[TimeControl "180+1"]
[EndTime "14:41:03 PDT"]
[Termination "bascheyaro won by resignation"]

1. d4 Nf6 2. Nf3 g6 3. Bf4 Bg7 4. h3 O-O 5. e3 d6 6. c4 Nc6 7. Nc3 Nd7 8. Bg3 e5 9. Be2 f5 10. dxe5 dxe5 11. Bh4 Bf6 12. Bxf6 Rxf6 13. c5 e4 14. Qd5+ Kg7 15. Nd4 Nde5 16. Qxd8 Nxd8 17. O-O-O c6 18. f4 exf3 19. gxf3 Ne6 20. f4 Nf7 21. b4 a5 22. a3 axb4 23. axb4 Nxd4 24. exd4 Re6 25. Kd2 Ra3 26. Bc4 Re7 27. Rhe1 Rxe1 28. Rxe1 Kf8 29. d5 cxd5 30. Bxd5 Ra6 31. Nb5 Bd7 32.
Nc7 Ra4 33. Bxb7 Rxb4 34. c6 Rc4 35. cxd7 Rxc7 36. Re8+ Kg7 37. Bc8 Rc6 38. d8=Q Nxd8 39. Rxd8 Rc4 40. Ke3 Rc3+ 41. Kd4 Rxh3 42. Rd7+ Kf6 43.
Rd6+ Ke7 44. Ra6 Kf7 45. Be6+ Kg7 46. Ra7+ Kh6 47. Ke5 Kh5 48. Rxh7+ Kg4 49. Rxh3 Kxh3 50. Bxf5+ gxf5 51. Kxf5 Kg3 52. Kg5 Kf3 53. f5 Ke4 54. f6 Kd5 55. f7 Ke6 56. f8=Q Ke5 57. Qe7+ Kd4 58. Kf4 Kd5 59. Qd7+ Kc4 60. Ke4 Kc5 61.
Qc7+ 1-0

[Event "Late-Titled-Tuesday-Blitz-April-23-2024"]
[Site "Chess.com"]
[Date "2024.04.23"]
[Round "4"]
[White "biostatistician"]
[Black "ilushka"]
[Result "1-0"]
[WhiteElo "2742"]
[BlackElo "2547"]
[TimeControl "180+1"]
[EndTime "14:41:03 PDT"]
[Termination "biostatistician won on time"]

1. d4 e6 2. Nf3 b6 3. c4 Bb7 4.
Nc3 Bb4 5. Qc2 f5 6. a3 Bxc3+ 7. Qxc3 Nf6 8. g3 O-O 9. Bg2 d6 10. O-O Qe7 11. b4 Nbd7 12. Bb2 Be4 13. Rfe1 Rfd8 14. Bf1 c5 15. Nd2 Bb7 16. dxc5 dxc5 17. b5 Nf8 18. a4 Rd7 19. Rad1 Rad8 20. Qc1 Ng6 21. Nf3 Ne4 22.
Ne5 Nxe5 23. Bxe5 Nf6 24. Qa1 Ng4 25. Bc3 Ba8 26. a5 h6 27. a6 Kh7 28. Qc1 Qg5 29. Qxg5 hxg5 30. Rxd7 Rxd7 31. Rc1 Nf6 32. f3 g4 33. Kf2 Kg6 34. Ke3 Kf7 35. Bg2 g5 36.
Be5 gxf3 37. Bxf3 Bxf3 38. exf3 g4 39. Rc2 gxf3 40. Kxf3 Ne4 41. Ke3 Rd1 42. Bb8 Rd7 43. Rg2 Kf6 44. g4 Ng5 45. h4 Ne4 46. gxf5 exf5 47.
h5 Nd6 48. Rg6+ 1-0

[Event "Late-Titled-Tuesday-Blitz-April-23-2024"]
[Site "Chess.com"]
[Date "2024.04.23"]
[Round "4"]
[White "maurovargas01"]
[Black "PawnEatingZombie"]
[Result "0-1"]
[WhiteElo "1908"]
[BlackElo "2237"]
[TimeControl "180+1"]
[EndTime "14:41:04 PDT"]
[Termination "PawnEatingZombie won on time"]

1. e4 c5 2. Nc3 Nc6 3. f4 g6 4. Nf3 Bg7 5. Bc4 e6 6. d3 Nge7 7. a4 d5 8. Bb3 O-O 9. O-O Nd4 10.
Ba2 b6 11. Rf2 Bb7 12. e5 Nxf3+ 13. Rxf3 h5 14. Rh3 Nf5 15. g4 hxg4 16. Qxg4 Re8 17. Bd2 Kf8 18. Rf1 Ke7 19. Nb5 Rh8 20. Be1 Kd7 21.
c3 Rxh3 22. Qxh3 Qh8 23. Qg4 a6 24. Nd6 Nxd6 25. exd6 d4 26. Bh4 Bf6 27. Bg3 Rg8 28. Re1 Qh5 29. Bxe6+ Kd8 30. Qxh5 gxh5 31. Bxf7 Rg7 32.
Bxh5 dxc3 33. bxc3 Bxc3 34. Kf2 Bd4+ 35. Ke2 b5 36.
Bh4+ Kd7 37. Kd2 Kxd6 38. f5 Rg2+ 39. Kc1 bxa4 40. Bg3+ Kd7 41. Be8+ Kd8 42. Bg6 a3 0-1

[Event "Late-Titled-Tuesday-Blitz-April-23-2024"]
[Site "Chess.com"]
[Date "2024.04.23"]
[Round "4"]
[White "MarlonJodar"]
[Black "shirovin"]
[Result "0-1"]
[WhiteElo "2249"]
[BlackElo "2083"]
[TimeControl "180+1"]
[EndTime "14:41:07 PDT"]
[Termination "shirovin won on time"]

1. e4 Nf6 2. e5 Nd5 3. d4 d6 4.
c4 Nb6 5. exd6 exd6 6. Nc3 Be7 7. Bd3 O-O 8. Nge2 Nc6 9. O-O Bg4 10. Be3 Bf6 11. f3 Bh5 12. b3 Re8 13. Qd2 Bg6 14. Bxg6 hxg6 15. d5 Ne5 16. Rae1 Qe7 17. Nd4 Qf8 18.
Ndb5 Bd8 19. Bg5 f6 20. Be3 a6 21. Nd4 f5 22. Ne6 Qf7 23. f4 Ng4 24. Bd4 Bf6 25. Re2 Bxd4+ 26. Qxd4 Nf6 27. Rfe1 Re7 28. Ng5 Rxe2 29. Nxf7 Rxe1+ 30. Kf2 Re7 31. Ng5 Rae8 32. Ne6 c5 33. Qd3 Na8 34. Qg3 Kh7 35. Qh4+ Kg8 36.
Qg5 Kf7 37. h3 Nc7 38. Nxc7 Rxc7 39. g4 fxg4 40. hxg4 Rce7 41. f5 Re5 42. Qxg6+ Kf8 43. g5 Ne4+ 44. Nxe4 Rxe4 45. Qxd6+ Kg8 46. Qxc5 Re2+ 47.
Kf3 R2e5 48. f6 Rxg5 49. fxg7 Rxg7 50. Qd6 Rf7+ 51. Kg4 Re4+ 52. Kg5 Ref4 0-1

[Event "Late-Titled-Tuesday-Blitz-April-23-2024"]
[Site "Chess.com"]
[Date "2024.04.23"]
[Round "4"]
[White "PavelShkapenko"]
[Black "PedroGil25"]
[Result "1/2-1/2"]
[WhiteElo "2754"]
[BlackElo "2499"]
[TimeControl "180+1"]
[EndTime "14:41:08 PDT"]
[Termination "Game drawn - insufficient material"]

1. e4 c5 2. Nc3 e6 3. g3 d5 4. exd5 exd5 5. d4 Nf6 6. Bg5 Be7 7.
Bg2 O-O 8. Nge2 Nc6 9. O-O cxd4 10.
Nxd4 h6 11. Bxf6 Bxf6 12. Nde2 d4 13. Nd5 Re8 14. Nxf6+ Qxf6 15. Nf4 Bf5 16. Qd2 Rad8 17. Rfe1 b6 18. a3 Ne5 19. Nd3 Nxd3 20. cxd3 Qd6 21. Rac1 Rc8 22. h4 Rxe1+ 23. Rxe1 a5 24. Be4 Be6 25. Qe2 b5 26. Qh5 Qc5 27. Qf3 b4 28. axb4 Qxb4 29. Re2 Qb5 30. Qf4 Qc5 31.
Kg2 Qc7 32. Qxc7 Rxc7 33. Kf3 g5 34. hxg5 hxg5 35. Re1 Kg7 36. Rh1 Rc2 37. Rh7+ Kf6 38.
Rh6+ Ke7 39. Rh5 Rxb2 40. Rxg5 a4 41. Ra5 Bb3 42. Bd5 Bxd5+ 43. Rxd5 a3 44. Ra5 a2 45. Ke4 Rxf2 46. Kxd4 Kf6 47. Kc5 Rc2+ 48. Kd5 Kg5 49. d4 Kg4 50. Ke5 Kxg3 51. d5 Rd2 52. Kf6 Kf4 53.
Kxf7 Ke5 54. Ke7 Rxd5 55. Rxa2 Rb5 56. Re2+ Kd4 57. Rd2+ Ke3 58. Rd6 Re5+ 59. Re6 Rxe6+ 60. Kxe6 1/2-1/2

[Event "Late-Titled-Tuesday-Blitz-April-23-2024"]
[Site "Chess.com"]
[Date "2024.04.23"]
[Round "4"]
[White "NM_Koval"]
[Black "kripri"]
[Result "1/2-1/2"]
[WhiteElo "2170"]
[BlackElo "2335"]
[TimeControl "180+1"]
[EndTime "14:41:09 PDT"]
[Termination "Game drawn - insufficient material"]

1. d4 Nf6 2. Nc3 d5 3. f3 c5 4. e4 cxd4 5. Qxd4 Nc6 6. Bb5 dxe4 7. Qxd8+ Kxd8 8. Bf4 e5 9. O-O-O+ Kc7 10. Bxc6 exf4 11. Bxe4 Nxe4 12. Nd5+ Kc6 13. fxe4 f5 14. Ne2 fxe4 15.
Nexf4 g5 16. Ne2 Be6 17. Ndc3 Bg4 18. Nd4+ Kb6 19. Rde1 Re8 20. h3 Bd7 21. Rhf1 Bc5 22. Rf6+ Kc7 23. Nb3 Be7 24. Nd5+ Kb8 25. Rf7 Be6 26.
Rxe7 Bxd5 27. Rxe8+ Rxe8 28. Nd4 Rf8 29. Re2 Kc7 30. Kd2 Kd6 31. Ke3 Ke5 32. a3 h5 33.
c3 h4 34. Nc2 Rf1 35. Rf2 Re1+ 36. Re2 Rxe2+ 37. Kxe2 Kf4 38. Kf2 Be6 39. Ne3 b5 40. Nf1 Ke5 41. Ne3 Kf4 42. Nf1 a6 43. Ne3 Ke5 44. Nc2 a5 45. Ke3 Bd7 46. Nd4 a4 47. Ne2 Kd5 48. Nd4 Ke5 49. Ne2 g4 50.
hxg4 Bxg4 51. Nc1 Bh5 52. b3 axb3 53. Nxb3 Bd1 54. Nd4 Bh5 55. Nxb5 Kd5 56. Nd4 Kc4 57. Kxe4 Kxc3 58. Nf5 Bg6 59. Kf4 Kb3 60. Nxh4 Bf7 61.
Kg5 Kxa3 62. g4 Kb4 63. Nf5 Kc5 64. Kf6 Ba2 65. g5 Kc6 66. g6 Kd7 67. Kg7 Ke8 68.
Nd6+ Kd7 69. Nf7 Ke7 70. Nh6 Bb3 71. Nf5+ Ke8 72. Kh7 Ba2 73. g7 Kd7 74. g8=Q Bxg8+ 1/2-1/2

[Event "Late-Titled-Tuesday-Blitz-April-23-2024"]
[Site "Chess.com"]
[Date "2024.04.23"]
[Round "4"]
[White "Casablanca"]
[Black "Noki102"]
[Result "1-0"]
[WhiteElo "2696"]
[BlackElo "2521"]
[TimeControl "180+1"]
[EndTime "14:41:10 PDT"]
[Termination "Casablanca won by checkmate"]

1. c4 e5 2. g3 Nc6 3. Bg2 Bc5 4.
Nc3 a6 5. Nf3 d6 6. O-O Nge7 7.
a3 Be6 8. b4 Ba7 9. d3 f6 10.
Bd2 O-O 11. Rb1 Qd7 12. Re1 Bh3 13. Bh1 Nf5 14. Nd5 Ncd4 15. e3 Ne6 16. Qc2 c6 17. Nc3 Rac8 18. a4 d5 19. c5 d4 20. Ne4 Rfd8 21. Rb3 dxe3 22. fxe3 Bg4 23. Rc3 Nc7 24. Nf2 Bxf3 25. Bxf3 Nd5 26. Rb3 Nfe7 27. Bg2 Kh8 28.
Bh3 f5 29. e4 Nf6 30. Bg5 a5 31. bxa5 Qd4 32. Be3 Qxa4 33. Qb2 Qxa5 34. Ra1 Qc7 35. Rxa7 fxe4 36. Rbxb7 Rb8 37. Rxc7 Rxb2 38. Rxe7 exd3 39.
Nxd3 Rxd3 40. Ra8+ Ng8 41. Ree8 Rd1+ 42. Bf1 h6 43.
Rxg8+ Kh7 44. Rgf8 Re2 45. Bf2 Rc2 46. Kg2 Rdd2 47.
Rad8 Rxd8 48. Rxd8 e4 49. Re8 e3 50. Rxe3 Rxc5 51. Bd3+ Kg8 52. Re8+ Kf7 53. Bg6+ Kxg6 54.
Bxc5 h5 55. Re5 h4 56. gxh4 Kh6 57. Rg5 g6 58. Bd4 Kh7 59. h5 c5 60. hxg6+ Kh6 61.
g7 cxd4 62. g8=Q d3 63. Qg6# 1-0

[Event "Late-Titled-Tuesday-Blitz-April-23-2024"]
[Site "Chess.com"]
[Date "2024.04.23"]
[Round "4"]
[White "jlf287"]
[Black "KNVB"]
[Result "0-1"]
[WhiteElo "2542"]
[BlackElo "2715"]
[TimeControl "180+1"]
[EndTime "14:41:11 PDT"]
[Termination "KNVB won on time"]

1. d4 e5 2. dxe5 Nc6 3. Nf3 Qe7 4. Bf4 Qb4+ 5. Bd2 Qxb2 6. Nc3 Bb4 7. Rb1 Qxc3 8.
Bxc3 Bxc3+ 9. Nd2 Nxe5 10. Rb3 Ba5 11. c3 Nf6 12. e3 O-O 13. Nc4 Nxc4 14. Bxc4 Bb6 15. O-O d6 16. Qc2 Re8 17. Re1 Be6 18. Bxe6 Rxe6 19. Rbb1 Rae8 20. Qd3 Ne4 21. Qc2 g6 22. g3 Rf6 23. Kg2 Rxf2+ 24. Qxf2 Nxf2 25. Kxf2 Re5 26. Kf3 Ra5 27. Re2 Kf8 28. Rb4 Rf5+ 29. Rf4 Rc5 30. c4 Ra5 31. h4 Kg7 32. g4 h6 33. Kg3 Ra3 34. Re4 Kf8 35. Kf3 Bc5 36.
Rf4 Rc3 37. Re4 a5 38. g5 h5 39. Rf4 a4 40. Re4 a3 41. Kf2 Rc1 42. Rd2 Rh1 43.
Ke2 Bb4 44. Rc2 b6 45. Kd3 Be1 46. Re2 Bxh4 47. Rf4 Bxg5 48. Rf3 Kg7 49. Ref2 f6 50. e4 h4 51. Ke2 h3 52. Rxa3 Ra1 0-1

[Event "Late-Titled-Tuesday-Blitz-April-23-2024"]
[Site "Chess.com"]
[Date "2024.04.23"]
[Round "4"]
[White "Cmorales2001"]
[Black "jinbojinbo"]
[Result "0-1"]
[WhiteElo "2420"]
[BlackElo "2641"]
[TimeControl "180+1"]
[EndTime "14:41:11 PDT"]
[Termination "jinbojinbo won by resignation"]

1. c4 Nf6 2. g3 g6 3. Bg2 Bg7 4. Nc3 O-O 5. d3 d6 6. Nf3 e5 7.
O-O Nc6 8. Rb1 a5 9. a3 Nd4 10. Nxd4 exd4 11. Nb5 Ne8 12. e3 dxe3 13. Bxe3 c6 14.
Nc3 Nc7 15. d4 Bf5 16. Rc1 Qd7 17. Re1 Rfe8 18. Qd2 h5 19. h4 Rac8 20. Na4 Rb8 21. Nb6 Qd8 22. d5 c5 23. Bg5 Bf6 24. Bxf6 Qxf6 25.
Na4 b5 26. cxb5 Rxb5 27. Rxe8+ Nxe8 28. Qe2 Rb8 29. Nc3 Nc7 30. Bf1 Re8 31. Qd2 Qe5 32. Bg2 Re7 33. Nd1 Qe1+ 34. Qxe1 Rxe1+ 35. Kh2 Bg4 36. f3 Bf5 37. b4 axb4 38. axb4 cxb4 39. Rxc7 Rxd1 40. Rb7 Rb1 41. Rb6 b3 42. g4 Bc2 43.
Rxd6 Rd1 44. Rb6 Rxd5 45. f4 Rd2 46. Kg3 Rd3+ 47. Kf2 hxg4 48. Bc6 Rc3 49. Ba4 Kg7 50. Rb7 g3+ 51. Kg2 Be4+ 52. Kh3 Bxb7 0-1

[Event "Late-Titled-Tuesday-Blitz-April-23-2024"]
[Site "Chess.com"]
[Date "2024.04.23"]
[Round "4"]
[White "ChessGiantYouTube"]
[Black "Ghost_Pepper"]
[Result "1-0"]
[WhiteElo "2353"]
[BlackElo "2485"]
[TimeControl "180+1"]
[EndTime "14:41:12 PDT"]
[Termination "ChessGiantYouTube won by resignation"]

1. g3 d5 2. Bg2 Nf6 3. d3 g6 4.
e3 Bg7 5. Ne2 O-O 6. Nd2 c5 7.
h3 h5 8. b3 Nc6 9. Bb2 e5 10. Rb1 d4 11. e4 Be6 12. O-O Nd7 13. f4 f5 14. exf5 Bxf5 15. Ne4 Qe7 16. Qd2 Rae8 17.
Rbe1 Nf6 18. Bc1 Nd5 19. Qd1 Ne3 20. Bxe3 dxe3 21. Qc1 exf4 22. Nxf4 Be5 23. h4 Bg4 24. Nxg6 Rxf1+ 25. Rxf1 Qg7 26. Nxe5 Qxe5 27. Qxe3 Rf8 28. Rxf8+ Kxf8 29. Qxc5+ Qxc5+ 30. Nxc5 Nd4 31. c3 Ne2+ 32. Kf2 Nxc3 33. Nxb7 Nxa2 34. d4 Nc1 35. d5 Nxb3 36. d6 Ke8 37. Bc6+ Bd7 38. Bd5 Nd4 39. Ke3 Nc6 40. Kf4 Nb4 41. Be4 Bc6 42. Bxc6+ Nxc6 43. Nc5 a5 44. Kg5 Ne5 45. Kxh5 Nd7 46. Na4 Kf7 47. Kg4 Kf6 48. h5 Ne5+ 49. Kf4 Nd3+ 50. Ke4 Nf2+ 51. Kd5 Ng4 52. Kc6 Ke6 53. Kc7 Ne5 54. h6 Nf7 55. h7 Nxd6 56. h8=Q Nb5+ 57. Kb6 1-0

[Event "Late-Titled-Tuesday-Blitz-April-23-2024"]
[Site "Chess.com"]
[Date "2024.04.23"]
[Round "4"]
[White "BogdanDeac"]
[Black "CarlosjPineror"]
[Result "1-0"]
[WhiteElo "3050"]
[BlackElo "2771"]
[TimeControl "180+1"]
[EndTime "14:41:13 PDT"]
[Termination "BogdanDeac won on time"]

1. e4 c5 2. Nf3 e6 3. d4 cxd4 4. Nxd4 a6 5. c4 Qc7 6. Nc3 Nf6 7. a3 b6 8. Bd3 Bb7 9. Qe2 d6 10. f4 Nbd7 11. O-O Be7 12. f5 e5 13. Nb3 h6 14.
Be3 O-O 15. Nd2 Nc5 16. Bc2 Rac8 17. Rac1 Ncd7 18. Bd3 Qb8 19. b4 Rc7 20. Nd5 Nxd5 21. cxd5 Rxc1 22. Rxc1 Rc8 23. Nc4 Bd8 24. Qb2 b5 25.
Nd2 Rxc1+ 26. Qxc1 Qc8 27. Qxc8 Bxc8 28. Kf2 Kf8 29. Nb3 Bc7 30. g4 Bd8 31. Kg3 Bc7 32. h4 Bd8 33. g5 hxg5 34. hxg5 Bc7 35. Nd2 Bd8 36. Nb1 Bb6 37. Bd2 Bc7 38. Nc3 Bb7 39. a4 bxa4 40. Nxa4 Ke7 41. Nb2 Kd8 42. Nc4 Ke8 43.
Kh4 Kf8 44. Kh5 Kg8 45. Be3 Kf8 46. Bc1 Kg8 47. Ba3 Nb6 48. Nxb6 Bxb6 49. b5 axb5 50.
Bxd6 Bd4 51. Bxb5 Bc8 52. g6 f6 53. Be7 Bb6 54. d6 Ba5 55. d7 1-0

[Event "Late-Titled-Tuesday-Blitz-April-23-2024"]
[Site "Chess.com"]
[Date "2024.04.23"]
[Round "4"]
[White "TheoSlade"]
[Black "ChessSwole"]
[Result "0-1"]
[WhiteElo "2391"]
[BlackElo "2701"]
[TimeControl "180+1"]
[EndTime "14:41:13 PDT"]
[Termination "ChessSwole won on time"]

1. d4 d5 2. c4 e6 3. Nf3 Nf6 4. g3 Be7 5. Bg2 O-O 6. O-O dxc4 7. Qc2 a6 8. a4 Bd7 9. Qxc4 Bc6 10. Bf4 Bd6 11. Nc3 a5 12. Ne5 Bxg2 13. Kxg2 c6 14. Rfd1 Na6 15. Bg5 Be7 16. Nd3 Nd5 17.
Bxe7 Qxe7 18. Ne4 Rfd8 19. Nec5 Nxc5 20. Qxc5 Qxc5 21. Nxc5 Rab8 22. Rac1 Kf8 23. Nb3 Rd7 24. Nxa5 Ra8 25. Nc4 Rxa4 26. e4 Nf6 27. Nb6 Rdxd4 28.
Nxa4 Rxa4 29. f3 Rb4 30. Rc2 g5 31. h3 h5 32. Kf2 g4 33. hxg4 hxg4 34. e5 Nd5 35. f4 Rb3 36. Rg1 Ke7 37. Rd2 Nb4 38.
Rgd1 Nd5 39. Rh1 Rf3+ 40. Kg2 Ne3+ 41. Kg1 Rxg3+ 42. Kf2 Rf3+ 43. Kg1 Nd5 44. Rh4 Rxf4 45. Rg2 Ne3 46. Rg3 Rf1+ 47. Kh2 Nf5 48. Rgxg4 Nxh4 49. Rxh4 Rf2+ 50. Kg3 Rxb2 51. Rh8 Rb5 52. Kf4 Rb4+ 53. Ke3 Rg4 54. Rb8 Rb4 55. Kd3 Kd7 56. Rf8 Rf4 57. Ke3 Rf5 58. Ke4 b5 59. Rb8 Kc7 60. Ra8 Kb6 0-1

[Event "Late-Titled-Tuesday-Blitz-April-23-2024"]
[Site "Chess.com"]
[Date "2024.04.23"]
[Round "4"]
[White "ploxoi"]
[Black "GelmanAlexander"]
[Result "0-1"]
[WhiteElo "2416"]
[BlackElo "2623"]
[TimeControl "180+1"]
[EndTime "14:41:17 PDT"]
[Termination "GelmanAlexander won by checkmate"]

1. d4 c5 2. d5 Nf6 3. Nf3 e6 4. c4 b5 5. dxe6 fxe6 6. cxb5 a6 7. bxa6 Bxa6 8. g3 Nc6 9. Bg2 d5 10. O-O Bd6 11. Nc3 O-O 12. Bg5 h6 13. Bxf6 Qxf6 14. Nxd5 exd5 15. Qxd5+ Kh8 16. Qxc6 Bxe2 17. Rfe1 Bxf3 18.
Bxf3 Qxf3 19. Qxd6 Qxf2+ 20. Kh1 Rad8 21. Qe6 Rd2 22. Qh3 Qf3+ 23. Kg1 Qd5 24. Rf1 Qd4+ 25. Kh1 Qe4+ 26. Kg1 Re8 27. Rf4 Qe3+ 28. Kh1 Qd3 29. Qf5 Qe2 30. Qh3 Rxb2 31. Raf1 Qe5 32. Rf8+ Rxf8 33. Rxf8+ Kh7 34. Qf5+ Qxf5 35. Rxf5 c4 36. Rc5 Rc2 37. a4 c3 38. a5 Ra2 39. Rxc3 Rxa5 40.
Kg2 Kg6 41. Rc6+ Kh7 42. Kh3 Ra2 43. Rb6 Rc2 44. Rd6 h5 45. Rb6 g6 46. Rb4 Kh6 47. Rb5 Rd2 48. Rc5 Kg7 49. Rb5 Kf6 50. Rc5 g5 51. Rc6+ Kf5 52. Rc5+ Kg6 53. Rc6+ Kf7 54. Rc5 Kf6 55. Rc6+ Ke5 56. Rc5+ Rd5 57. Rc8 Rd2 58.
Re8+ Kf6 59. Rc8 g4+ 60. Kh4 Rxh2# 0-1

[Event "Late-Titled-Tuesday-Blitz-April-23-2024"]
[Site "Chess.com"]
[Date "2024.04.23"]
[Round "4"]
[White "PavlovDanila"]
[Black "Horokoskii"]
[Result "1-0"]
[WhiteElo "2497"]
[BlackElo "2177"]
[TimeControl "180+1"]
[EndTime "14:41:18 PDT"]
[Termination "PavlovDanila won on time"]

1. e4 c5 2. Nf3 d6 3. d4 cxd4 4.
Nxd4 Nf6 5. Nc3 Nc6 6. Be3 g6 7. f3 h5 8. Qd2 Nxd4 9. Bxd4 Bh6 10. Be3 Bxe3 11. Qxe3 Be6 12. O-O-O Qa5 13. Kb1 Rc8 14. a3 a6 15. h4 Kf8 16. Ne2 Qc5 17. Qxc5 dxc5 18.
Nf4 Rc6 19. e5 Ne8 20. Nxe6+ Rxe6 21. f4 Kg7 22. Rd7 b5 23. g3 f6 24. Bh3 f5 25.
Bg2 Kf8 26. Rb7 a5 27. Rxb5 Ra6 28. Rxc5 Kf7 29. Rc8 Rf8 30. Rd1 Ng7 31. Bd5+ e6 32. Rc7+ Kg8 33. Bc4 Rb6 34. Rd6 Rfb8 35. b3 a4 36. b4 Kf8 37. Rxb6 Rxb6 38. Ba2 Rb8 39. Rd7 Rc8 40. c4 Ne8 41. c5 Nc7 42. Bc4 Ke8 43. Rd6 Ke7 44. Kc2 Rb8 45. Kc3 Ne8 46. Rxe6+ Kd7 47. c6+ Kc7 48. b5 Kb6 49. Kb4 Nc7 50. Rxg6 Rd8 51. Kxa4 Rd4 52. Kb4 Nd5+ 53. Kb3 Nc7 54. a4 Rd1 55. Rg7 Rg1 56. a5+ Kxa5 57. Rxc7 Rxg3+ 58. Kc2 1-0

[Event "Late-Titled-Tuesday-Blitz-April-23-2024"]
[Site "Chess.com"]
[Date "2024.04.23"]
[Round "4"]
[White "GMG"]
[Black "Kolle05"]
[Result "0-1"]
[WhiteElo "2760"]
[BlackElo "2580"]
[TimeControl "180+1"]
[EndTime "14:41:19 PDT"]
[Termination "Kolle05 won on time"]

1. Nf3 Nf6 2. c4 g6 3. g3 b6 4. Bg2 Bb7 5. d4 Bg7 6. d5 O-O 7. Nc3 e6 8. O-O exd5 9. cxd5 Re8 10. Nd4 Na6 11. Qc2 Nxd5 12. Nxd5 Bxd4 13. Qc4 c6 14. Qxd4 cxd5 15. Bd2 Nc5 16. Bc3 f6 17. e3 Ne4 18.
Bb4 Rc8 19. Rac1 Kf7 20. f3 Nc5 21. Bxc5 Rxc5 22. Rxc5 bxc5 23. Qxc5 Qb6 24. Qxb6 axb6 25. Kf2 Rc8 26. Re1 Ba6 27. f4 Rc2+ 28. Kg1 Ke6 29. Rd1 Bb7 30. Rb1 Re2 31. Bf1 Rxe3 32. Kf2 Re4 33. Bd3 Ra4 34. a3 Kd6 35. Re1 Ra8 36. h4 Ba6 37. Bxa6 Rxa6 38. Ke3 Ra4 39. Kd3 Kc5 40. Rc1+ Rc4 41. Re1 Rd4+ 42. Kc3 Re4 43. Rd1 d4+ 44. Kc2 Re2+ 45. Rd2 Rxd2+ 46. Kxd2 Kc4 47.
g4 f5 48. gxf5 gxf5 49. h5 h6 50. Kc2 d3+ 51. Kd2 Kb3 52. Kxd3 Kxb2 53. Kd4 Kxa3 54. Ke5 b5 55. Kxf5 b4 56. Ke5 b3 57. f5 b2 58. f6 b1=Q 59. f7 Qb4 0-1

[Event "Late-Titled-Tuesday-Blitz-April-23-2024"]
[Site "Chess.com"]
[Date "2024.04.23"]
[Round "4"]
[White "tylityli"]
[Black "SipahiPower"]
[Result "0-1"]
[WhiteElo "2324"]
[BlackElo "2508"]
[TimeControl "180+1"]
[EndTime "14:41:19 PDT"]
[Termination "SipahiPower won by resignation"]

1. d4 e6 2. c4 f5 3. Nc3 Nf6 4.
a3 b6 5. Bf4 Bb7 6. e3 Bd6 7.
Nf3 O-O 8. Bd3 Bxf4 9. exf4 Ne4 10. O-O Nxc3 11. bxc3 Qf6 12. Re1 Qh6 13. g3 Nc6 14.
Bf1 Qh5 15. Bg2 Na5 16. Nd2 Qxd1 17. Raxd1 Bxg2 18. Kxg2 Kf7 19. Rb1 Kf6 20. Re5 d6 21.
Re3 h6 22. h4 g6 23. Rbe1 Rae8 24. f3 Re7 25. g4 Rfe8 26. g5+ Kf7 27. Rh1 h5 28. Rhe1 Rb8 29. Rb1 Ke8 30. d5 Kd7 31. Rbe1 Rbe8 32. Kf2 Nb7 33. Nb3 e5 34. fxe5 dxe5 35. f4 e4 36. Nd4 Nd6 37. Nc6 Rf7 38. Ne5+ Ke7 39. Nxg6+ Kd8 40. Ne5 Rxe5 41. fxe5 Nxc4 42. e6 Rf8 43. Rxe4 fxe4+ 44. Kg3 Rf3+ 45. Kg2 Nd6 46. Rf1 Rxf1 47. Kxf1 Ke7 48. Ke2 Nf5 49. a4 a6 50. Kf2 Nxh4 51. Ke3 Nf3 52. Kxe4 Nxg5+ 53. Kf5 Nxe6 54. dxe6 h4 55. Kg4 Kxe6 56. Kxh4 Kd5 57. Kg5 Kc4 58. Kf6 Kxc3 59. Ke7 Kb4 60. Kd7 c5 61. Kc7 Ka5 62. Kc6 c4 63. Kd5 c3 64.
Kc4 c2 0-1

[Event "Late-Titled-Tuesday-Blitz-April-23-2024"]
[Site "Chess.com"]
[Date "2024.04.23"]
[Round "4"]
[White "dretch"]
[Black "Oleksandr_Bortnyk"]
[Result "1-0"]
[WhiteElo "2930"]
[BlackElo "3109"]
[TimeControl "180+1"]
[EndTime "14:41:23 PDT"]
[Termination "dretch won by resignation"]

1. d4 Nf6 2. c4 b6 3. Nc3 Bb7 4. Qc2 g6 5. e4 d6 6. Nf3 Bg7 7. Be2 O-O 8. O-O c5 9. d5 e6 10. Bf4 exd5 11. cxd5 Re8 12. Rfe1 Na6 13. Bb5 Re7 14.
Rad1 Nc7 15. Bc6 Rb8 16. Bxd6 Qxd6 17. e5 Qd8 18. Bxb7 Rxb7 19. d6 Nfe8 20. dxe7 Qxe7 21. Qe4 Rb8 22. Qc6 Qe6 23. Qxe6 Nxe6 24. Rd7 N8c7 25. Ng5 b5 26. Nxf7 b4 27. Ne4 c4 28. Nf6+ Kf8 29.
Ng5 Nxg5 30. Rxc7 Rd8 31. h4 Ne6 32. Rxc4 a5 33. Rec1 Rd2 34. R4c2 Rd4 35. g3 h5 36. Kg2 Kf7 37. Rc4 Rd3 38. R1c2 Rd1 39. Rc6 Nd4 40. Rd6 Nxc2 41. Rxd1 Ke6 42. Rd2 Ne1+ 43.
Kf1 Nf3 44. Rd1 Nxe5 45. Ne4 a4 46. Nc5+ Kf5 47. Nxa4 Nc4 48. b3 Na3 49. Nc5 Bc3 50. Rd5+ Kf6 51. Ne4+ Ke6 52. Rc5 Bd4 53. Rg5 Nb1 54.
Ke2 Bb2 55. Kd3 Kf7 56. Rb5 Ba3 57. Rb7+ Ke6 58. Rb6+ Kf5 59. Rb5+ Ke6 60. Kc2 Nc3 61. Nxc3 bxc3 62. Kxc3 Bc1 63. Kd3 Kf6 64. a4 g5 65.
a5 gxh4 66. gxh4 Kg6 67. a6 1-0

[Event "Late-Titled-Tuesday-Blitz-April-23-2024"]
[Site "Chess.com"]
[Date "2024.04.23"]
[Round "4"]
[White "malakismayil"]
[Black "Byniolus"]
[Result "0-1"]
[WhiteElo "2582"]
[BlackElo "2804"]
[TimeControl "180+1"]
[EndTime "14:41:26 PDT"]
[Termination "Byniolus won on time"]

1. e4 d6 2. d4 Nf6 3. Nc3 c6 4. Be3 Qb6 5. Qd2 Qxb2 6. Rb1 Qa3 7. Bc4 e6 8. Nge2 d5 9. Bd3 Be7 10. O-O dxe4 11. Nxe4 Nxe4 12. Bxe4 Nd7 13. c4 Nf6 14. Bd3 Qd6 15. Bf4 Qd7 16. Qc2 b6 17. c5 b5 18.
Rfd1 h6 19. Nc3 O-O 20. Be5 Rd8 21. h3 a5 22. Qe2 b4 23. Ne4 Ne8 24. Ng3 f6 25. Bf4 Nc7 26. Qe4 f5 27. Qe3 Nd5 28. Qd2 Ba6 29. Bxa6 Rxa6 30. Be5 Nc3 31. Qd3 Raa8 32.
Rbc1 Nxd1 33. Rxd1 Qd5 34. Ne2 Qxa2 35. Nf4 b3 36. Qc3 Qc2 37. Qf3 b2 38. Nxe6 b1=Q 39. Rxb1 Qxb1+ 40. Kh2 Qe4 41. Qg3 g5 42. h4 f4 43. Qg4 Qg6 44. h5 Qf7 45. Nxf4 Bf6 46. Ng6 Bxe5+ 47. dxe5 Re8 48. e6 Rxe6 49. Qd4 Rae8 50.
f3 Qg7 51. Qc4 a4 52. Qxa4 Rxg6 53. hxg6 Qxg6 54. Qc4+ Qe6 55. Qd4 Qe5+ 56. Qxe5 Rxe5 0-1